BR (22 & UNDER)
CORONADO ECLIPSE @ SANTA ANNA DUKES
09/16/2029
 
TOP OF THE 1ST
Coronado Eclipse batting - Pitching for Santa Anna Dukes : RHP Kichisaburo Abe
Pitching: RHP Kichisaburo Abe
Batting: RHB Arturo Franco 0-0: Foul Ball, location: 2F
0-1: Ball
1-1: Fly out, F9 (Line Drive, 9LM)
Batting: SHB Luis Sotelo 0-0: Ball
1-0: Ball
2-0: Called Strike
2-1: Fly out, F8 (Flyball, 8RXD)
Batting: RHB Júlio Serra 0-0: Foul Ball, location: 2F
0-1: Swinging Strike
0-2: Ball
1-2: Strikes out swinging
Top of the 1st over - 0 runs, 0 hits, 0 errors, 0 left on base; Coronado 0 - Santa Anna 0
BOTTOM OF THE 1ST
Santa Anna Dukes batting - Pitching for Coronado Eclipse : LHP Roy Burke
Pitching: LHP Roy Burke
Batting: LHB Luis García 0-0: Foul Ball, location: 2F
0-1: Swinging Strike
0-2: Ball
1-2: Foul Ball, location: 2F
1-2: Foul Ball, location: 2F
1-2: Strikes out swinging
Batting: RHB Eric Hillman 0-0: Ground out 1-3 (Groundball, P)
Batting: RHB Amdre Casse 0-0: SINGLE (Line Drive, 7S)
Batting: LHB Iván Soriano 0-0: Ball
1-0: Fielders Choice at 2nd, 6-4 (Groundball, 56)
Bottom of the 1st over - 0 runs, 1 hit, 0 errors, 1 left on base; Coronado 0 - Santa Anna 0
TOP OF THE 2ND
Coronado Eclipse batting - Pitching for Santa Anna Dukes : RHP Kichisaburo Abe
Batting: RHB Ramón Sánchez 0-0: Ball
1-0: Swinging Strike
1-1: Ball
2-1: Ball
3-1: SINGLE (Line Drive, 56)
Batting: RHB Fred Wagner 0-0: Fly out, F7 (Flyball, 7S)
Batting: LHB Todd Emery 0-0: Called Strike
0-1: Called Strike
0-2: Strikes out swinging
Batting: LHB Robby Bland 0-0: Ball
1-0: Ball
2-0: Called Strike
2-1: Foul Ball, location: 2F
2-2: Ball
3-2: Fly out, F9 (Flyball, 9)
Top of the 2nd over - 0 runs, 1 hit, 0 errors, 1 left on base; Coronado 0 - Santa Anna 0
BOTTOM OF THE 2ND
Santa Anna Dukes batting - Pitching for Coronado Eclipse : LHP Roy Burke
Batting: RHB Ed Jackson 0-0: Ball
1-0: Ball
2-0: Called Strike
2-1: SINGLE (Groundball, 4MS) (infield hit)
Batting: RHB Terry Griffin 0-0: Ball
1-0: Foul Ball, location: 2F
1-1: Ground out 4-3 (Groundball, 34)
Ed Jackson to second
Batting: RHB Julián García 0-0: Ball
1-0: Called Strike
1-1: Ground out 6-3 (Groundball, 6)
Batting: RHB Lance Fullerton 0-0: Called Strike
0-1: Ball
1-1: Called Strike
1-2: Ball
2-2: Strikes out swinging
Bottom of the 2nd over - 0 runs, 1 hit, 0 errors, 1 left on base; Coronado 0 - Santa Anna 0
TOP OF THE 3RD
Coronado Eclipse batting - Pitching for Santa Anna Dukes : RHP Kichisaburo Abe
Batting: RHB Galtero Confalonieri 0-0: Ground out 4-3 (Groundball, 4)
Batting: LHB António Ramírez 0-0: Ball
1-0: Swinging Strike
1-1: Ball
2-1: SINGLE (Groundball, 6D)
Batting: RHB Arturo Franco 0-0: Ball
1-0: Ball
António Ramírez steals 2nd base
2-0: Foul Ball, location: 2F
2-1: Ground out 6-3 (Groundball, 6)
António Ramírez to third
Batting: SHB Luis Sotelo 0-0: Ball
1-0: Foul Ball, location: 2F
1-1: Foul Ball, location: 2F
1-2: Ground out 1-3 (Groundball, P)
Top of the 3rd over - 0 runs, 1 hit, 0 errors, 1 left on base; Coronado 0 - Santa Anna 0
BOTTOM OF THE 3RD
Santa Anna Dukes batting - Pitching for Coronado Eclipse : LHP Roy Burke
Batting: RHB Bob Vaughn 0-0: Called Strike
0-1: Ball
1-1: Ball
2-1: Swinging Strike
2-2: Foul Ball, location: 2F
2-2: Strikes out swinging
Batting: LHB Luis García 0-0: Called Strike
0-1: Foul Ball, location: 2F
0-2: Ball
1-2: Strikes out looking
Batting: RHB Eric Hillman 0-0: Ball
1-0: DOUBLE (Line Drive, 78M)
Batting: RHB Amdre Casse 0-0: Ball
1-0: Called Strike
1-1: Called Strike
1-2: Fly out, F9 (Flyball, 9LS)
Bottom of the 3rd over - 0 runs, 1 hit, 0 errors, 1 left on base; Coronado 0 - Santa Anna 0
TOP OF THE 4TH
Coronado Eclipse batting - Pitching for Santa Anna Dukes : RHP Kichisaburo Abe
Batting: RHB Júlio Serra 0-0: Foul Ball, location: 2F
0-1: Ground out 5-3 (Groundball, 56)
Batting: RHB Ramón Sánchez 0-0: Ball
1-0: Ball
2-0: Called Strike
2-1: Ball
3-1: Called Strike
3-2: Ground out 1-3 (Groundball, 13)
Batting: RHB Fred Wagner 0-0: Ball
1-0: Ball
2-0: Ball
3-0: Called Strike
3-1: Base on Balls
Batting: LHB Todd Emery 0-0: Ball
1-0: Called Strike
1-1: Called Strike
1-2: Ball
2-2: Reached on error, E3 (Groundball, 3)
Fred Wagner to second
Batting: LHB Robby Bland 0-0: Ground out 4-3 (Groundball, 4)
Top of the 4th over - 0 runs, 0 hits, 1 error, 2 left on base; Coronado 0 - Santa Anna 0
BOTTOM OF THE 4TH
Santa Anna Dukes batting - Pitching for Coronado Eclipse : LHP Roy Burke
Batting: LHB Iván Soriano 0-0: Ball
1-0: Ball
2-0: Ball
3-0: Called Strike
3-1: Swinging Strike
3-2: Base on Balls
Batting: RHB Ed Jackson 0-0: Fly out, F9 (Line Drive, 9)
Batting: RHB Terry Griffin 0-0: Fly out, F4 (Line Drive, 4M)
Batting: RHB Julián García 0-0: Called Strike
0-1: Reached on error, E6 (Groundball, 6)
Iván Soriano to second
Batting: RHB Lance Fullerton 0-0: Called Strike
0-1: Ball
1-1: Fielders Choice at 2nd, 6-4 (Groundball, 6)
Bottom of the 4th over - 0 runs, 0 hits, 1 error, 2 left on base; Coronado 0 - Santa Anna 0
TOP OF THE 5TH
Coronado Eclipse batting - Pitching for Santa Anna Dukes : RHP Kichisaburo Abe
Batting: RHB Galtero Confalonieri 0-0: Ground out U3 (Groundball, 3S)
Batting: LHB António Ramírez 0-0: Ball
1-0: Ground out 4-3 (Groundball, 4)
Batting: RHB Arturo Franco 0-0: SINGLE (Groundball, 13S) (infield hit)
Batting: SHB Luis Sotelo 0-0: Ball
Arturo Franco is caught stealing 2nd base
Top of the 5th over - 0 runs, 1 hit, 0 errors, 0 left on base; Coronado 0 - Santa Anna 0
BOTTOM OF THE 5TH
Santa Anna Dukes batting - Pitching for Coronado Eclipse : LHP Roy Burke
Batting: RHB Bob Vaughn 0-0: Ball
1-0: Foul Ball, location: 2F
1-1: Ball
2-1: Ball
3-1: Swinging Strike
3-2: Strikes out swinging
Batting: LHB Luis García 0-0: Called Strike
0-1: Ball
1-1: Foul Ball, location: 2F
1-2: Foul Ball, location: 2F
1-2: Ball
2-2: Ground out U3 (Groundball, 34S)
Batting: RHB Eric Hillman 0-0: Called Strike
0-1: Ball
1-1: Foul Ball, location: 2F
1-2: Strikes out swinging
Bottom of the 5th over - 0 runs, 0 hits, 0 errors, 0 left on base; Coronado 0 - Santa Anna 0
TOP OF THE 6TH
Coronado Eclipse batting - Pitching for Santa Anna Dukes : RHP Kichisaburo Abe
Batting: SHB Luis Sotelo 0-0: Ball
1-0: Ground out 5-3 (Groundball, 56S)
Batting: RHB Júlio Serra 0-0: Ball
1-0: Ball
2-0: Called Strike
2-1: Foul Ball, location: 2F
2-2: Ground out 1-3 (Groundball, 13)
Batting: RHB Ramón Sánchez 0-0: SINGLE (Line Drive, 8LS)
Batting: RHB Fred Wagner 0-0: Ball
1-0: Foul Ball, location: 2F
1-1: Foul Ball, location: 2F
1-2: SINGLE (Line Drive, 89S)
Ramón Sánchez to second
Batting: LHB Todd Emery 0-0: Called Strike
0-1: Called Strike
0-2: Ball
1-2: Foul Ball, location: 2F
1-2: Ball
2-2: Ball
3-2: Base on Balls
Ramón Sánchez to third
Fred Wagner to second
Batting: LHB Robby Bland 0-0: Ground out 6-3 (Groundball, 6MD)
Top of the 6th over - 0 runs, 2 hits, 0 errors, 3 left on base; Coronado 0 - Santa Anna 0
BOTTOM OF THE 6TH
Santa Anna Dukes batting - Pitching for Coronado Eclipse : LHP Roy Burke
Batting: RHB Amdre Casse 0-0: Called Strike
0-1: Called Strike
0-2: Ball
1-2: Ground out 5-3 (Groundball, 56)
Batting: LHB Iván Soriano 0-0: Foul Ball, location: 2F
0-1: Ground out 4-3 (Groundball, 4M)
Batting: RHB Ed Jackson 0-0: Ball
1-0: Ball
2-0: Called Strike
2-1: Called Strike
2-2: Strikes out swinging
Bottom of the 6th over - 0 runs, 0 hits, 0 errors, 0 left on base; Coronado 0 - Santa Anna 0
TOP OF THE 7TH
Coronado Eclipse batting - Pitching for Santa Anna Dukes : RHP Kichisaburo Abe
Batting: RHB Galtero Confalonieri 0-0: SINGLE (Groundball, 6D)
Batting: LHB António Ramírez 0-0: Sac Bunt - play at first, batter OUT! 1-4
Galtero Confalonieri to second
Pinch Hitting: LHB Benny Lawson 0-0: Called Strike
Galtero Confalonieri is caught stealing 3rd base
0-1: Foul Ball, location: 2F
0-2: Ball
1-2: Foul Ball, location: 2F
1-2: Fly out, F9 (Flyball, 9LSF)
Top of the 7th over - 0 runs, 1 hit, 0 errors, 0 left on base; Coronado 0 - Santa Anna 0
BOTTOM OF THE 7TH
Santa Anna Dukes batting - Pitching for Coronado Eclipse : LHP Roy Burke
Now at SS: Walt Green
Pinch Hitting: SHB Kel Davis 0-0: Called Strike
0-1: Ball
1-1: Ball
2-1: Foul Ball, location: 2F
2-2: SINGLE (Groundball, 34S) (infield hit)
Pinch Hitting: RHB Donald Fenner 0-0: SINGLE (Groundball, 56D)
Kel Davis to second
Pinch Runner at 2nd Xavier Carrillo:
Batting: RHB Lance Fullerton 0-0: Called Strike
0-1: Ball
1-1: Grounds into double play, 6-4-3 (Groundball, 6)
Xavier Carrillo to third
Batting: RHB Bob Vaughn 0-0: Ball
1-0: Foul Ball, location: 2F
1-1: Ball
2-1: DOUBLE (Groundball, 5L)
Xavier Carrillo scores
Pitching: LHP Ryan García
Batting: LHB Luis García 0-0: Foul Ball, location: 2F
0-1: Swinging Strike
0-2: Ball
1-2: Strikes out looking
Bottom of the 7th over - 1 run, 3 hits, 0 errors, 1 left on base; Coronado 0 - Santa Anna 1
TOP OF THE 8TH
Coronado Eclipse batting - Pitching for Santa Anna Dukes : RHP Kichisaburo Abe
Now at SS: Donald Barrett
Now in RF: Xavier Carrillo
Batting: SHB Luis Sotelo 0-0: Ball
1-0: Called Strike
1-1: Ball
2-1: Ball
3-1: SINGLE (Groundball, 34S) (infield hit)
Batting: RHB Júlio Serra 0-0: Swinging Strike
0-1: Ball
1-1: Called Strike
1-2: Foul Ball, location: 2F
1-2: SINGLE (Flyball, 7S)
Luis Sotelo to second
Batting: RHB Ramón Sánchez 0-0: Called Strike
0-1: Swinging Strike
0-2: Strikes out swinging
Batting: RHB Fred Wagner 0-0: Ball
1-0: Swinging Strike
1-1: DOUBLE (Line Drive, 8RD)
Luis Sotelo scores
Júlio Serra to third
Runner from 3rd tries for Home, SAFE, no throw
Pitching: RHP Pat Wright
Batting: LHB Todd Emery 0-0: Ball
1-0: Foul Ball, location: 2F
1-1: Ball
2-1: Foul Ball, location: 2F
2-2: Fly out, F8 (Flyball, 89M)
Batting: LHB Robby Bland 0-0: Ball
1-0: Swinging Strike
1-1: Foul Ball, location: 2F
1-2: Ball
2-2: Strikes out swinging
Top of the 8th over - 2 runs, 3 hits, 0 errors, 1 left on base; Coronado 2 - Santa Anna 1
BOTTOM OF THE 8TH
Santa Anna Dukes batting - Pitching for Coronado Eclipse : LHP Ryan García
Now at C: José Acevedo
Now in LF: Vincente Ayala
Batting: RHB Eric Hillman 0-0: Ball
1-0: Ball
2-0: Foul Ball, location: 2F
2-1: Ball
3-1: Foul Ball, location: 2F
3-2: Fly out, F6 (Popup, 4MD)
Batting: RHB Amdre Casse 0-0: Ball
1-0: Ground out 6-3 (Groundball, 56D)
Batting: LHB Iván Soriano 0-0: Called Strike
0-1: Ball
1-1: Called Strike
1-2: Foul Ball, location: 2F
1-2: Ball
2-2: Ball
3-2: Foul Ball, location: 2F
3-2: Fly out, F8 (Flyball, 8LM)
Bottom of the 8th over - 0 runs, 0 hits, 0 errors, 0 left on base; Coronado 2 - Santa Anna 1
TOP OF THE 9TH
Coronado Eclipse batting - Pitching for Santa Anna Dukes : RHP Pat Wright
Batting: RHB Galtero Confalonieri 0-0: Ball
1-0: Called Strike
1-1: Called Strike
1-2: Ball
2-2: Strikes out looking
Batting: LHB António Ramírez 0-0: Ball
1-0: Called Strike
1-1: Foul Ball, location: 2F
1-2: Strikes out swinging
Pitching: RHP Troy Perkins
Batting: RHB Walt Green 0-0: Called Strike
0-1: Foul Ball, location: 2F
0-2: Ball
1-2: Foul Ball, location: 2F
1-2: Strikes out swinging
Top of the 9th over - 0 runs, 0 hits, 0 errors, 0 left on base; Coronado 2 - Santa Anna 1
BOTTOM OF THE 9TH
Santa Anna Dukes batting - Pitching for Coronado Eclipse : LHP Ryan García
Pitching: RHP Juan Ríos
Batting: RHB Ed Jackson 0-0: Ball
1-0: Foul Ball, location: 2F
1-1: Foul Ball, location: 2F
1-2: Foul Ball, location: 2F
1-2: Ball
2-2: Strikes out looking
Batting: LHB Xavier Carrillo 0-0: Foul Ball, location: 2F
0-1: Ball
1-1: Foul Ball, location: 2F
1-2: Strikes out swinging
Pinch Hitting: LHB Leon Malone 0-0: Ball
1-0: Ball
2-0: Called Strike
2-1: Reached on error, E4 (Groundball, 4)
Batting: RHB Lance Fullerton 0-0: Ball
1-0: Ball
2-0: Called Strike
2-1: Swinging Strike
2-2: SINGLE (Groundball, 56D)
Leon Malone to second
Pinch Hitting: RHB Joan Prostes 0-0: Called Strike
0-1: Swinging Strike
0-2: Strikes out looking
Bottom of the 9th over - 0 runs, 1 hit, 1 error, 2 left on base; Coronado 2 - Santa Anna 1
Saturday, December 16th, 2017 - OOTP Baseball 18.8 Build 76